 Dungeon Crawl Stone Soup version 0.18-a0-1266-g3be6530 (webtiles) character file.

38 RedPan the Sneak (level 3, -1/24 HPs)
             Began as a Vampire Enchanter on Feb 6, 2016.
             Slain by an orc
             ... wielding a +0 club
              (5 damage)
             ... on level 2 of the Dungeon.
             The game lasted 00:03:24 (1619 turns).

RedPan the Sneak (Vampire Enchanter)                Turns: 1619, Time: 00:03:24

Health: -1/24      AC:  4    Str:  7    XL:     3   Next: 25%
Magic:  4/6        EV: 12    Int: 18    God:
Gold:   156        SH:  0    Dex: 14    Spells: 2 memorised, 3 levels left

rFire  . . .     SeeInvis +     a - +1 dagger
rCold  + . .     Gourm    .     b - +1 robe
rNeg   + + .     Faith    .     (no shield)
rPois  +         Spirit   .     (no helmet)
rElec  .         Dismiss  .     (no cloak)
rCorr  .         Reflect  .     (no gloves)
SustAt .         Harm     .     h - +0 pair of boots {run}
MR     .....                    (no amulet)
Stlth  ++++......               (no ring)
                                (no ring)

@: regenerating slowly, quick, not resistant to hostile enchantments, stealthy
A: fangs 3, see invisible, unbreathing
a: Bat Form


You were on level 2 of the Dungeon.
You were very thirsty.

You visited 1 branch of the dungeon, and saw 3 of its levels.

You collected 156 gold pieces.

Inventory:

Hand Weapons
 a - a +1 dagger (weapon)
Armour
 b - a +1 robe (worn)
 h - a +0 pair of boots of running (worn)
Scrolls
 k - a scroll of blinking
 m - a scroll of recharging
Potions
 d - 7 potions of blood
 g - a potion of heal wounds
 l - a potion of agility {unknown}
 n - a potion of cure mutation {unknown}
Books
 c - a book of Maledictions

   Spells                             Type                      Level
   a - Corona                         Hexes                        1
   b - Ensorcelled Hibernation        Hexes/Ice                    2
   c - Confuse                        Hexes                        3
   d - Tukima's Dance                 Hexes                        3
   e - Dazzling Spray                 Conjuration/Hexes            3


   Skills:
 - Level 1.1 Short Blades
 - Level 2.1 Dodging
 + Level 6.7 Stealth
 - Level 2.0 Spellcasting
 - Level 4.4 Hexes


You had 3 spell levels left.
You knew the following spells:

 Your Spells              Type           Power        Failure   Level  Hunger
a - Corona                Hex            ###....      3%          1    #......
b - Ensorcelled Hibernat  Hex/Ice        #.....       12%         2    ###....


Dungeon Overview and Level Annotations

Branches:
Dungeon (3/15)

Altars:
Ashenzari
Gozag
Nemelex Xobeh
Vehumet
Xom
Yredelemnul
Zin

Annotations:
D:3 Sigmund


Innate Abilities, Weirdness & Mutations

You heal slowly.
You have razor-sharp teeth.
You have supernaturally acute eyesight.
You can survive without breathing.


Message History

You hit the orc but do no damage. The orc hits you with a club.
You barely miss the orc. The orc barely misses you.
You completely miss the orc. The orc misses you. The orc hits you with a flail!
* * * LOW HITPOINT WARNING * * *
You are too injured to fight recklessly!
You hit the orc but do no damage. The orc hits you with a club.
* * * LOW HITPOINT WARNING * * *
The orc closely misses you.
Casting: Ensorcelled Hibernation
Confirm with . or Enter, or press ? or * to list all spells.
Aiming: Ensorcelled Hibernation
Press: ? - help, Shift-Dir - straight line, f - orc
Aim: an orc, wielding a flail and wearing a chain mail (chance to defeat MR: 79%)
The orc looks drowsy...
The orc misses you.
The helpless orc fails to defend itself.
You bite the orc, and draw its blood!
You feel better.
You feel slightly less thirsty.
You impale the orc!!
You kill the orc!
The orc hits you with a club.
You die...

.#####.### #.#
.........# #.#
########.# #.#
#.# #.# #.# #.#
#.# #.# #.# #.#
#.###########.#
#.[.....)@o...#
###############


You could see an orc.

Vanquished Creatures
  2 worms (D:2)
  2 giant geckos (D:2)
  An orc (D:2)
  2 bats
  2 giant cockroaches
  4 goblins
  3 hobgoblins
  7 kobolds
  4 giant newts (D:2)
  5 rats
32 creatures vanquished.

Notes
Turn   | Place    | Note
--------------------------------------------------------------
     0 | D:1      | RedPan the Vampire Enchanter began the quest for the Orb.
     0 | D:1      | Reached XP level 1. HP: 13/13 MP: 3/3
    69 | D:1      | Reached skill level 5 in Stealth
    96 | D:1      | Identified a +0 pair of boots of running (You found it on level 1 of the Dungeon)
   188 | D:1      | Reached XP level 2. HP: 19/19 MP: 5/5
   194 | D:1      | Learned a level 2 spell: Ensorcelled Hibernation
  1000 | D:2      | Found a basalt altar of Yredelemnul.
  1006 | D:2      | Found a glowing silver altar of Zin.
  1008 | D:2      | Found a radiant altar of Vehumet.
  1009 | D:2      | Found a shimmering altar of Xom.
  1011 | D:2      | Found a shattered altar of Ashenzari.
  1052 | D:2      | Reached skill level 6 in Stealth
  1258 | D:2      | Found an opulent altar of Gozag.
  1259 | D:2      | Found a sparkling altar of Nemelex Xobeh.
  1403 | D:2      | Reached XP level 3. HP: 22/24 MP: 3/6
  1572 | D:3      | Noticed Sigmund
  1617 | D:2      | HP: 1/24 [orc/club (4)]
  1619 | D:2      | Slain by an orc

Vault maps used:
D:1:      lightli_arrival_statuegarden
D:2:      grunt_temple_overflow_opulence, minitemple, first_bread
D:3:      uniq_sigmund

Action                   || total
-------------------------++-------
Melee: Dagger            ||    73
 Cast: Ensorcelled Hiber ||     2
  Use: Scroll            ||     7
       Potion            ||     1
 Stab: Sleeping          ||    15
